 Dungeon Crawl Stone Soup version 0.14-a0-942-gbd853f2 (webtiles) character file.

410 4tharraofdagon the Ruffian (level 6, 0/58 HPs)
             Began as an Ogre Transmuter on Nov 19, 2013.
             Slain by an adder (4 damage)
             ... on Level 7 of the Dungeon.
             The game lasted 00:08:02 (1380 turns).

4tharraofdagon the Ruffian (Ogre Transmuter)        Turns: 1380, Time: 00:08:02

HP   0/58        AC  4     Str 18      XL: 6   Next: 59%
MP  10/11        EV 10     Int  9 (12) God:
Gold 63          SH  0     Dex 10      Spells:  3 memorised,  4 levels left

Res.Fire  : . . .   See Invis. : .     - Unarmed
Res.Cold  : + . .   Warding    : .   o - +1 robe {rC+}
Life Prot.: . . .   Conserve   : .   (shield restricted)
Res.Poison: .       Res.Corr.  : .   (helmet restricted)
Res.Elec. : .       Clarity    : .   (no cloak)
Sust.Abil.: . .     Spirit.Shd : .   (gloves unavailable)
Res.Mut.  : .       Stasis     : .   (boots unavailable)
Res.Rott. : .       Flight     : .   (no amulet)
Saprovore : + . .                    (no ring)
                                     (no ring)

@: appendage (expiring), mildly poisoned, slightly resistant to hostile
enchantments, unstealthy
A: unfitting armour, horns 2, fast metabolism 1, saprovore 1, tough skin 1
a: End Transformation


You were on level 7 of the Dungeon.
You were not hungry.
You had grown temporary horns.
You visited 1 branch of the dungeon, and saw 7 of its levels.

You collected 63 gold pieces.

Inventory:

Missiles
 b - 12 arrows
 e - 8 javelins (quivered)
Armour
 c - a +0 robe
 h - a +0 shield
 o - a +1 robe of cold resistance (worn)
Comestibles
 a - 4 meat rations
 f - a banana
 g - a bread ration
 i - 2 rotting chunks of human flesh
 j - a chunk of hobgoblin flesh
 k - an apple
 l - a rotting chunk of hound flesh
Scrolls
 m - a scroll of summoning {unknown}
 n - a scroll of silence {unknown}
 p - a scroll of curse jewellery {unknown}
 q - a scroll of fog {unknown}
Books
 d - a book of Changes

   Spells                             Type                      Level
   *Beastly Appendage                 Transmutation                1
   Sticks to Snakes                   Transmutation                2
   *Spider Form                       Transmutation/Poison         3
   *Ice Form                          Ice/Transmutation            4
   Blade Hands                        Transmutation                5


   Skills:
 + Level 3.9 Fighting
 - Level 1.7 Dodging
 * Level 4.4 Unarmed Combat
 + Level 3.7 Spellcasting
 + Level 2.5 Transmutations
 - Level 0.9 Ice Magic


You had 4 spell levels left.
You knew the following spells:

 Your Spells              Type           Power        Failure   Level  Hunger
a - Beastly Appendage     Trmt           #.....       12%         1    #......
b - Spider Form           Trmt/Pois      #.........   56%         3    ####...
c - Ice Form              Ice/Trmt       #.........   97%         4    #####..


Dungeon Overview and Level Annotations

Branches:
Dungeon (7/16)
 Temple: D:4-7          Orc: D:6-11

Altars:
the Shining One


Innate Abilities, Weirdness & Mutations

You are too large for most types of armour.
You have a fast metabolism.
You can tolerate rotten meat.
You have tough skin (AC +1).*
You have a pair of horns on your head.*


Message History

The adder is moderately wounded.
The adder bites you.
* * * LOW HITPOINT WARNING * * *
You are poisoned.
The adder poisons you!
You closely miss the adder.
The adder is moderately wounded.
The adder barely misses you.
Unknown command.
You barely miss the adder.
The adder is moderately wounded.
The adder closely misses you.
The kobold hits you with an orcish short sword.
* * * LOW HITPOINT WARNING * * *
Unknown command.
You barely miss the adder. Your headbutt misses the adder.
The adder is moderately wounded.
Your transformation is almost over.
The adder bites you.
You die...

#.# #.#
#####.## .
#......# ... .
#......#.....
..#......#...
........... .
#...K..##.#.#.
#....@........
#.....S.#.#.#.
#######.... .
##.#.# ... .


You could see an adder and a kobold.

Vanquished Creatures
  An ogre (D:4)
  Sigmund (D:6)
  2 hounds (D:6)
  A giant frog skeleton (D:6)
  An orc wizard (D:6)
  Ijyb (D:6)
  An adder (D:2)
  An inept feature mimic (D:5)
  4 orcs (D:6)
  3 ball pythons
  A bat skeleton (D:4)
  5 hobgoblins
  4 kobolds
  A quokka (D:2)
  5 bats
  A giant newt (D:3)
  2 goblins (D:3)
  A hobgoblin zombie (D:6)
  A jackal skeleton (D:6)
  6 rats
43 creatures vanquished.

Notes
Turn   | Place    | Note
--------------------------------------------------------------
     0 | D:1      | 4tharraofdagon, the Ogre Transmuter, began the quest for the Orb.
     0 | D:1      | Reached XP level 1. HP: 19/19 MP: 1/1
    94 | D:2      | Reached skill level 3 in Unarmed Combat
    94 | D:2      | Reached XP level 2. HP: 17/27 MP: 0/3
   348 | D:3      | Reached XP level 3. HP: 31/33 MP: 4/4
   474 | D:4      | Learned a level 3 spell: Spider Form
   476 | D:4      | Noticed an ogre
   646 | D:4      | Killed an ogre
   646 | D:4      | Reached XP level 4. HP: 10/42 MP: 1/7
   646 | D:4      | Reached XP level 5. HP: 11/49 MP: 1/9
   663 | D:4      | Learned a level 4 spell: Ice Form
   703 | D:5      | Entered Level 5 of the Dungeon
   887 | D:5      | Found a glowing golden altar of the Shining One.
  1080 | D:6      | Reached skill level 4 in Unarmed Combat
  1107 | D:6      | Noticed Sigmund
  1119 | D:6      | Killed Sigmund
  1119 | D:6      | Reached XP level 6. HP: 4/58 MP: 1/11
  1162 | D:6      | Noticed Ijyb
  1179 | D:6      | Killed Ijyb
  1367 | D:6      | Noticed a centaur
  1380 | D:7      | Slain by an adder

Action                   |  1- 3 |  4- 6 || total
-------------------------+-------+-------++-------
Melee: Unarmed           |    55 |    76 ||   131
Throw: Javelin           |     4 |       ||     4
 Cast: Beastly Appendage |     9 |     4 ||    13
       Spider Form       |     1 |     1 ||     2
       Ice Form          |       |     2 ||     2
  Use: Potion            |     2 |     2 ||     4
       Scroll            |     3 |     2 ||     5
